AoeStats
← ivcrk826

Arabia

507233490Analyzed
1v1 RM · 14d ago on Sep 17, 2026· 55m 26s· 2 players
Game mode
Random Map
Map size
Tiny (2 player)
Population
200
Speed
Normal
Resources
Standard
Victory
Conquest
Starting age
Dark Age
Ending age
Imperial Age
RankedLock teamsTeams togetherTeam positionsShared explorationLock speedFull tech treeHidden civsTurbo modeCheats
Victory
Defeat
🇫🇷 Chinese · France
1127
+15
🇦🇷 Shu · Argentina
1101
-15
ivcrk826
6:59 Loom
9:25 Feudal Age
10:52 Double-Bit Axe
16:24 Fletching
26:30 Castle Age
25:02 Padded Archer Armor
25:07 Horse Collar
26:31 Crossbowman
27:10 Bodkin Arrow
28:17 Leather Archer Armor
28:32 Bow Saw
30:21 Wheelbarrow
34:36 Ballistics
34:30 Thumb Ring
46:57 Imperial Age
47:05 Arbalester
47:57 Bracer
49:32 Chemistry
Akan
0:35 Loom
9:52 Feudal Age
10:38 Man-at-Arms
11:28 Double-Bit Axe
14:20 Horse Collar
16:33 Fletching
23:53 Castle Age
26:04 Gold Mining
26:51 Wheelbarrow
26:28 Bow Saw
26:21 Heavy Plow
26:14 Stone Mining
26:39 Forging
26:37 Scale Barding Armor
27:26 Bloodlines
28:07 Husbandry
29:59 Hand Cart
32:00 Chain Barding Armor
37:05 Crossbowman
38:34 Thumb Ring
45:18 Imperial Age
43:16 Padded Archer Armor
47:02 Two-Man Saw
47:59 Conscription
47:05 Cavalier
48:52 Iron Casting
49:24 Plate Barding Armor
49:38 Arbalester
51:21 Blast Furnace
Connection lost

Rejoining the realm…

Still unreachable

The connection could not be restored.

Session expired

The server has moved on; the page needs a fresh start.